 Dungeon Crawl Stone Soup version 0.24-a0-22-g2a401c0 (webtiles) character file.

Game seed: 12615351146956117234

74 David the Vandal (level 4, 0/49 HPs)
             Began as a Human Hunter on Feb 1, 2019.
             Succumbed to Sigmund's poison
             ... on level 3 of the Dungeon.
             The game lasted 00:08:07 (1348 turns).

David the Vandal (Human Hunter)                     Turns: 1348, Time: 00:08:07

Health: 0/49       AC:  3    Str: 18    XL:     4   Next: 52%
Magic:  4/4        EV: 17    Int: 11    God:
Gold:   86         SH:  0    Dex: 19    Spells: 3/3 levels left

rFire    . . .     SeeInvis .   a - +1 hunting sling
rCold    . . .     Gourm    .   (no shield)
rNeg     . . .     Faith    .   c - +0 leather armour
rPois    .         Spirit   .   (no helmet)
rElec    .         Reflect  .   (no cloak)
rCorr    .         Harm     .   (no gloves)
MR       .....                  (no boots)
Stlth    ..........             (no amulet)
HPRegen  0.16/turn              (no ring)
MPRegen  0.09/turn              (no ring)

@: agile, berserking, lethally poisoned (0 -> -30), hasted (expiring), very
quick
A: no striking features
a: no special abilities


You were on level 3 of the Dungeon.
You were not hungry.

You visited 1 branch of the dungeon, and saw 3 of its levels.

You collected 86 gold pieces.

Inventory:

Hand Weapons
 a - a +1 hunting sling (weapon)
 b - a +0 short sword
Missiles
 d - 12 sling bullets (quivered)
 e - 46 stones
Armour
 c - a +0 leather armour (worn)
Scrolls
 k - a scroll of remove curse
Potions
 h - a potion of flight
 j - a potion of berserk rage
Comestibles
 f - 4 rations


   Skills:
 - Level 2.0 Fighting
 + Level 5.7 Slings
 - Level 2.0 Dodging
 - Level 1.0 Stealth


You had 3 spell levels left.
You didn't know any spells.
Your spell library was empty.

Dungeon Overview and Level Annotations

Branches:
Dungeon (3/15)

Altars:
Qazlal

Annotations:
D:3 Sigmund


Message History

* * * LOW HITPOINT WARNING * * *
You feel sick.
Firing (i - inventory. (/) - cycle)
d - 13 sling bullets (quivered)
Press: ? - help, Shift-Dir - straight line You shoot a sling bullet.
Do you really want to go berserk while wielding your +1 hunting sling? [Y]es or [N]o only, please.
Do you really want to go berserk while wielding your +1 hunting sling? [Y]es or [N]o only, please.
Do you really want to go berserk while wielding your +1 hunting sling?
A red film seems to cover your vision as you go berserk!
You feel yourself moving faster!
You feel mighty!
* * * LOW HITPOINT WARNING * * *
You feel sick.
You feel a strong urge to attack something.
* * * LOW HITPOINT WARNING * * *
You feel sick. Something hits you!
* * * LOW HITPOINT WARNING * * *
You are more poisoned.
You die...

#############.####
##.##.##
##....#.##
##....###.##
.......## ##.#
.###....###.##
##....#.##
##.##.#########
#.##@..(..(((# #.
#########.# #.#
#.# #.# #.#
#######.#####
............#
#######((...#


There were no monsters in sight!

Vanquished Creatures
  2 adders (D:2)
  An ooze (D:2)
  2 dart slugs
  2 leopard geckos (D:1)
  An orc (D:3)
  3 giant cockroaches (D:1)
  10 goblins
  3 hobgoblins
  2 jackals (D:1)
  2 quokkas
  4 bats
  2 frilled lizards
  7 kobolds
  A rat (D:1)
42 creatures vanquished.

Notes
Turn   | Place    | Note
-------+----------+-------------------------------------------
     0 | D:1      | David the Human Hunter began the quest for the Orb.
     0 | D:1      | Reached XP level 1. HP: 16/16 MP: 1/1
    85 | D:1      | Reached XP level 2. HP: 16/22 MP: 2/2
   404 | D:1      | Reached XP level 3. HP: 24/27 MP: 3/3
   524 | D:1      | Reached skill level 5 in Slings
   727 | D:1      | Upgraded the game from 0.24-a0-19-g0b81bb8 to
                  | 0.24-a0-22-g2a401c0
   847 | D:2      | Reached XP level 4. HP: 33/33 MP: 4/4
   859 | D:2      | Found a stormy altar of Qazlal.
  1308 | D:3      | Noticed Sigmund
  1347 | D:3      | HP: 1/49 [something (9)]
  1348 | D:3      | Succumbed to Sigmund's poison

Vault maps used:
D:1:      minmay_arrival_loop
D:2:      grunt_qazlal_clouds
D:3:      gammafunk_temple_overflow_wave, first_ration,
          chequers_ecumenical_altar_lobes, minmay_stone_trees_small,
          uniq_grinder, uniq_natasha, uniq_sigmund

Skill      XL: |  1  2  3 |
---------------+----------+-----
Slings         | 5 |  5.7
Fighting       | |  2.0
Dodging        | |  2.0
Stealth        | |  1.0

Action                   |  1- 3 |  4- 6 || total
-------------------------+-------+-------++-------
Melee: Hunting sling     |       |     1 ||     1
 Fire: Hunting sling     |   110 |    61 ||   171
  Use: Scroll            |       |     6 ||     6
       Potion            |       |     3 ||     3
  Eat: Ration            |       |     1 ||     1
Armor: Leather armour    |     4 |     4 ||     8
Dodge: Dodged            |    27 |    12 ||    39

Table legend:
 A = Non-vault XP
 B = Vault XP
 C = Vault XP percentage of total XP
 D = Non-vault monster count
 E = Vault monster count
 F = Vault count percentage of total count
                 A         B        C        D         E       F
            +---------+---------+-------+---------+---------+-------
      Total |     106 |       0 |   0.0 |      42 |       0 |   0.0
            +---------+---------+-------+---------+---------+-------
        D:1 |      46 |       0 |   0.0 |      24 |       0 |   0.0
        D:2 |      53 |       0 |   0.0 |      15 |       0 |   0.0
        D:3 |       7 |       0 |   0.0 |       3 |       0 |   0.0
            +---------+---------+-------+---------+---------+-------
